 Dungeon Crawl Stone Soup version 0.30-a0-779-g7971cf19c3 (webtiles) character file.

Game seed: 3433688079836856409

2085 sanka the Skirmisher (level 8, -5/67 HPs)
             Began as a Demigod Hunter on Feb 18, 2023.
             Slain by Edmund
             ... wielding a +4 heavy dire flail
              (32 damage)
             ... on level 6 of the Dungeon.
             The game lasted 00:09:21 (5541 turns).

sanka the Skirmisher (Demigod Hunter)               Turns: 5541, Time: 00:09:22

Health: -5/67      AC:  5    Str: 14    XL:     8   Next: 78%
Magic:  10/10      EV: 15    Int: 11    God:
Gold:   149        SH:  0    Dex: 25    Spells: 7/7 levels left

rFire   + . .      SeeInvis .    a - +0 shortbow
rCold   + . .      Faith    .    (shield currently unavailable)
rNeg    . . .      Spirit   .    l - +0 robe
rPois   .          Reflect  .    G - +1 helmet "Rime" {+Blink rF+ Str+2}
rElec   .          Harm     .    (no cloak)
rCorr   .          Rampage  .    k - +0 pair of gloves
Will    .....                    (no boots)
Stlth   ++                       (no amulet)
HPRegen 0.31/turn                o - ring of ice
MPRegen 0.12/turn                j - ring of protection from fire

@: about to teleport, mesmerised
A: high MP 1, forlorn, divine attributes
a: Evoke Blink


You were on level 6 of the Dungeon.
You visited 1 branch of the dungeon, and saw 6 of its levels.
You also visited: Ossuary.

You collected 310 gold pieces.
You spent 161 gold pieces at shops.


Innate Abilities, Weirdness & Mutations

You have an increased reservoir of magic. (+10% MP)
You shall have no god before yourself.
Your divine heritage dramatically boosts your attributes as you level up.


   Skills:
 + Level 4.5 Fighting
 - Level 10.0 Ranged Weapons
 + Level 4.4 Dodging
 - Level 0.8 Stealth


You had 7 spell levels left.
You didn't know any spells.
Your spell library contained the following spells:

 Spells                   Type           Power      Damage    Failure   Level
 Magic Dart               Conj           0%         1d3       34%         1
 Call Imp                 Summ           0%         N/A       47%         2
 Searing Ray              Conj           0%         2d4       47%         2
 Mephitic Cloud           Conj/Pois/Air  0%         N/A       71%         3
 Tukima's Dance           Hex            0%         N/A       71%         3
 Fulminant Prism          Conj/Hex       0%         3d5       98%         4
 Passage of Golubria      Tloc           0%         N/A       98%         4
 Yara's Violent Unravell  Hex/Tmut       0%         3d3       100%        5

Inventory:

Hand Weapons
 a - a +0 shortbow (weapon)
Missiles
 e - 4 curare-tipped darts {=f}
Armour
 k - a +0 pair of gloves (worn)
 l - a +0 robe (worn)
 G - the +1 helmet "Rime" (worn) {+Blink rF+ Str+2}

   Str:       It affects your strength (+2).
   rF:        It protects you from fire.
   +Blink:    It lets you blink.
Jewellery
 j - a ring of protection from fire (right hand)
 o - a ring of ice (left hand)
Wands
 w - a wand of paralysis (6)
 z - a wand of flame (14)
 I - a wand of roots (7)
 J - a wand of mindburst (3)
Scrolls
 b - 5 scrolls of immolation {!r}
 c - a scroll of butterflies {unknown}
 d - a scroll of magic mapping {unknown}
 f - 3 scrolls of identify {@r1}
 h - a scroll of acquirement {unknown}
 m - 2 scrolls of vulnerability {unknown}
 s - a scroll of fear {unknown}
 t - 2 scrolls of fog
 u - a scroll of brand weapon {unknown}
 x - 2 scrolls of enchant weapon {unknown}
 y - a scroll of teleportation {@r4}
 B - a scroll of poison {unknown}
 F - a scroll of amnesia {unknown}
 K - a scroll of noise {unknown}
Potions
 g - 3 potions of attraction {unknown}
 i - 3 potions of haste {unknown}
 n - 2 potions of heal wounds {@q2}
 p - 4 potions of curing {unknown}
 q - a potion of brilliance {unknown}
 r - 2 potions of lignification {unknown}
 v - a potion of mutation {unknown}
 A - a potion of degeneration {unknown}
 C - 3 potions of ambrosia {unknown}
 D - 2 potions of flight {unknown}
 E - 2 potions of might
 H - 3 potions of magic {unknown}

Dungeon Overview and Level Annotations

Branches:
Dungeon (6/15)             Temple (0/1) D:4         Ossuary (visited)

Shops:
D:3 *

Annotations:
D:6 Edmund, Maggie

▒.▒ ▒..▒▒.... ▒.▒
▒..▒▒▒... ▒.▒ ▒▒▒..▒
▒▒.▒ ... ....▒▒▒▒.▒
▒.▒▒▒▒▒▒.@▒▒....
........▒.[..▒
▒...).▒...
▒▒▒▒▒▒▒▒▒▒▒▒..▒...▒▒
▒..p@@....)...▒▒.▒▒
▒.▒▒▒▒▒▒▒▒▒▒.▒▒▒.▒
▒.▒ ▒▒▒▒▒▒.▒▒▒.▒▒
▒.▒ ▒...).......▒
▒.▒ ▒.▒▒▒▒.▒▒▒..▒
▒.▒ ▒)▒ ▒.▒ ▒..▒ ▒.▒
▒)▒ ▒.▒ ▒..▒
▒▒▒▒▒▒.▒ ▒)▒
▒.▒▒▒..▒ ▒......▒
▒.▒ ▒..▒▒..▒


You could see Maggie (mesmerising) and Edmund (strong).


Message History

Aiming: Paralyse
Aim: Edmund, wielding a +4 heavy dire flail and wearing a +0 scale mail (lightly wounded, strong, chance to affect: 49%) Edmund resists with some effort.
Maggie smiles, but it's obviously fake.
Edmund closely misses you.
Aiming: Paralyse
Aim: Edmund, wielding a +4 heavy dire flail and wearing a +0 scale mail (lightly wounded, strong, chance to affect: 49%) Edmund resists with some effort.
Okay, then.
As you read the scroll labelled CORIEN WUURCHU, it crumbles to dust.
It is a scroll of identify.
t - 2 scrolls of fog Edmund says, "People will remember me!
They'll remember me and die!"
Edmund hits you with a +4 heavy dire flail!
* * * LOW HITPOINT WARNING * * *
Maggie hits you from afar with a +0 glaive of distortion!
* * * LOW HITPOINT WARNING * * *
Space warps around you.
* * * LOW HITPOINT WARNING * * *
Unknown command.
Unknown command.
Maggie misses you. Edmund misses you.
As you read the scroll of identify {@r1}, it crumbles to dust.
y - 2 scrolls of teleportation Maggie closely misses you.
As you read the scroll of teleportation {@r4}, it crumbles to dust.
You feel strangely unstable.
Edmund hits you with a +4 heavy dire flail!!
You die...

Action                     |  1- 3 |  4- 6 |  7- 9 || total
---------------------------+-------+-------+-------++-------
   Fire: Shortbow          |   134 |   254 |   240 ||   628
  Evoke: Wand              |       |     4 |     4 ||     8
    Use: Scroll            |       |       |     3 ||     3
         Potion            |       |       |     2 ||     2
 Armour: Leather armour    |    12 |       |       ||    12
         Robe              |     7 |    38 |    32 ||    77
  Dodge: Dodged            |    61 |    87 |    97 ||   245

Levels and vault maps discovered:
D:1:      erik_arrival_triangle_medium, layout_loops_ring,
          hangedman_feature_mirror
D:2:      layout_basic
D:3:      layout_basic, mainiacjoe_overflow_24_doors,
          nicolae_overflow_hidden_temple, serial_shops, nicolae_shop_crystal
D:4:      layout_basic, mainiacjoe_overflow_alcove_1, temple_pool_b,
          enter_ossuary_4
D:5:      layout_loops_ring, mainiacjoe_overflow_cross_hatched,
          lemuel_round_altar, gammafunk_ghost_mausoleum
D:6:      layout_loops_ring, uniq_edmund, uniq_eustachio, uniq_sigmund,
          uniq_maggie

Notes
Turn   | Place    | Note
-------+----------+-------------------------------------------
     0 | D:1      | sanka the Demigod Hunter began the quest for the Orb.
     0 | D:1      | Reached XP level 1. HP: 17/17 MP: 3/3
    99 | D:1      | Reached skill level 2 in Fighting
   199 | D:1      | Reached skill level 4 in Ranged Weapons
   220 | D:1      | Reached XP level 2. HP: 23/24 MP: 4/4
   800 | D:2      | Reached XP level 3. HP: 29/29 MP: 5/5
  1039 | D:2      | Reached skill level 5 in Ranged Weapons
  1205 | D:2      | Reached XP level 4. HP: 15/36 MP: 6/6
  1889 | D:3      | Found Feant's Assorted Antiques.
  2327 | D:4      | Identified the +0 chain mail of Greed {rF+ Int+2}
  2353 | D:4      | Found a staircase to the Ecumenical Temple.
  2392 | D:4      | Found a sand-covered staircase.
  2411 | Ossuary  | Entered an ossuary
  2442 | Ossuary  | Reached XP level 5. HP: 41/41 MP: 7/7
  2463 | Ossuary  | Reached skill level 6 in Ranged Weapons
  2697 | Ossuary  | Noticed Menkaure
  2716 | Ossuary  | Killed Menkaure
  2717 | Ossuary  | Reached skill level 7 in Ranged Weapons
  2717 | Ossuary  | Reached XP level 6. HP: 11/48 MP: 8/8
  3106 | D:3      | Bought a distressingly furry helmet for 161 gold pieces
  3106 | D:3      | Identified the +1 helmet "Rime" {+Blink rF+ Str+2} (You
                  | bought it in a shop on level 3 of the Dungeon)
  3346 | D:4      | Reached skill level 8 in Ranged Weapons
  3346 | D:4      | Reached XP level 7. HP: 39/55 MP: 9/9
  3577 | D:5      | Entered Level 5 of the Dungeon
  3755 | D:5      | Reached skill level 9 in Ranged Weapons
  3908 | D:5      | Noticed derval's ghost (novice OpSu)
  3910 | D:5      | Found a transporter.
  3910 | D:5      | Found a transporter.
  4348 | D:5      | Reached XP level 8. HP: 61/61 MP: 10/10
  4494 | D:5      | Reached skill level 10 in Ranged Weapons
  4494 | D:5      | Reached skill level 2 in Dodging
  4513 | D:5      | Killed derval's ghost
  4514 | D:5      | Reached skill level 3 in Fighting
  4514 | D:5      | Reached skill level 3 in Dodging
  5027 | D:6      | Reached skill level 4 in Fighting
  5081 | D:6      | Noticed Eustachio
  5093 | D:6      | Killed Eustachio
  5094 | D:6      | Reached skill level 4 in Dodging
  5146 | D:6      | HP: 3/67 [gnoll/+2 heavy flail[a gnoll sergeant] (12)]
  5516 | D:6      | Identified +0 acid dragon scales
  5516 | D:6      | Noticed Maggie
  5517 | D:6      | Noticed Edmund
  5538 | D:6      | HP: 6/67 [Maggie/+0 glaive of distortion (9)]
  5538 | D:6      | HP: 2/67 [Maggie/+0 glaive of distortion (4)]
  5541 | D:6      | Slain by Edmund

Vanquished Creatures
  The ghost of derval the Summoner, a novice OpSu (D:5)
  Eustachio (D:6)
  Menkaure (Ossuary)
  A black bear (D:4)
  A phantom (D:4)
  A bullfrog (D:6)
  A gnoll sergeant (D:6)
  2 necrophages (D:5)
  2 scorpions (D:5)
  A howler monkey (D:5)
  2 centaur zombies (Ossuary)
  4 hounds (D:5)
  An orc priest (D:3)
  A jelly (D:4)
  2 centaur skeletons (D:5)
  2 gnoll boudas
  An orc wizard (D:5)
  3 iguanas
  3 ogre zombies (Ossuary)
  6 mummies (Ossuary)
  9 adders
  9 gnolls
  A shadow imp (D:5)
  A white imp (D:6)
  2 ufetubi (D:5)
  6 adder zombies (Ossuary)
  A worm (D:2)
  5 dart slugs
  12 orcs
  15 bats
  6 endoplasms
  A giant cockroach (D:1)
  8 goblins
  3 hobgoblins
  7 jackals
  3 quokkas
  5 ball pythons
  6 frilled lizards
  A gnoll zombie (Ossuary)
  6 goblin zombies (Ossuary)
  5 hobgoblin zombies (Ossuary)
  6 kobolds
  2 kobold zombies (Ossuary)
  An orc zombie (Ossuary)
  3 quokka zombies (Ossuary)
  4 rats
  3 rat zombies
168 creatures vanquished.
